 Dungeon Crawl Stone Soup version 0.29-a0-878-g7b45a56547 (webtiles) character file.

Game seed: 5827506133139282970

4 reriks the Trooper (level 1, 0/18 HPs)
             Began as a Formicid Abyssal Knight on July 20, 2022.
             Was a Follower of Lugonu.
             Slain by a kobold
             ... wielding a +0 whip
              (2 damage)
             ... on level 1 of the Dungeon.
             The game lasted 00:00:21 (166 turns).

reriks the Trooper (Formicid Abyssal Knight)         Turns: 166, Time: 00:00:22

Health: 0/18       AC:  3    Str: 17    XL:     1   Next: 66%
Magic:  2/2        EV: 11    Int:  9    God:    Lugonu [*.....]
Gold:   8          SH:  0    Dex: 14    Spells: 0/0 levels left

rFire   . . .      SeeInvis +   a - +1 falchion
rCold   . . .      Faith    .   (no shield)
rNeg    . . .      Spirit   .   b - +0 leather armour
rPois   .          Reflect  .   (helmet unavailable)
rElec   .          Harm     .   (no cloak)
rCorr   .          Rampage  .   (no gloves)
Will    .....                   (no boots)
Stlth   +.........              (no amulet)
HPRegen 0.06/turn               (no ring)
MPRegen 0.08/turn               (no ring)

@: no status effects
A: permanent stasis, dig shafts and tunnels, antennae 3, four strong arms
a: Dig, Shaft Self, Renounce Religion, Depart the Abyss


You were on level 1 of the Dungeon.
You worshipped Lugonu.
Lugonu was aware of your devotion.
You visited 1 branch of the dungeon, and saw 1 of its levels.
You visited the Abyss 1 time.

You collected 8 gold pieces.

Inventory:

Hand Weapons
 a - a +1 falchion (weapon)
Armour
 b - a +0 leather armour (worn)
Scrolls
 c - a scroll of teleportation {unknown}


   Skills:
 + Level 3.3 Fighting
 + Level 2.0 Long Blades
 + Level 2.2 Armour
 + Level 1.0 Dodging
 + Level 2.3 Invocations


You couldn't memorise any spells.
You didn't know any spells.
Your spell library was empty.

Dungeon Overview and Level Annotations

Branches:
Dungeon (1/15)

Altars:


Innate Abilities, Weirdness & Mutations

You cannot be hasted, slowed, berserked, paralysed or teleported.
You can dig through walls and to a lower floor.
You have a pair of large antennae on your head. (SInv)
Your four strong arms can wield two-handed weapons with a shield.


Message History

Found 5 poisoned darts.
The jackal barks!
Found an Inescapable Atlas.
The jackal bites you.
You slash the jackal!
You kill the jackal!
Lugonu accepts your kill.
A kobold comes into view. It is wielding a +0 whip.
The jackal misses you.
The jackal bites you. x2; The jackal barely misses you.
You miss the jackal.
The kobold shouts!
The jackal bites you but does no damage. x4
The jackal attacks as you move away! The jackal closely misses you.
The jackal attacks as you move away! The jackal closely misses you.
You miss the jackal. The jackal bites you.
A rat comes into view.
You hit the jackal.
You kill the jackal!
Lugonu accepts your kill. The jackal barely misses you.
Your Dodging skill increases to level 1!
You slash the jackal!
You kill the jackal!
Lugonu accepts your kill. The kobold hits you with a +0 whip.
You are too injured to fight recklessly!
You are too injured to fight recklessly!
You are too injured to fight recklessly!
You are too injured to fight recklessly!
You barely miss the kobold. The kobold misses you.
You closely miss the kobold. The kobold hits you with a +0 whip.
* * * LOW HITPOINT WARNING * * *
You hit the kobold but do no damage. The kobold barely misses you.
You hit the kobold.
The kobold is severely wounded.
The kobold hits you with a +0 whip.
* * * LOW HITPOINT WARNING * * *
You closely miss the kobold.
The kobold is severely wounded.
The kobold barely misses you. The kobold hits you with a +0 whip.
You die...

#...:..# .(.....#
######### #......#
##....≈..##
#......#
#..≈.≈.≈≈.#
#......#
#...≈.≈...#
#......# #.......#
#r# ####### #####K#
#≈.≈# ##..##@# #
##'## ##....#.#
####...####....#!#
#.#.....#8#....'.#
#.'.><..'.'....'.#
#.#.....#8#....'.#
####...####..#.#...
# ##+## ##....#####
##..##


You could see a kobold and a rat.

Vanquished Creatures
  3 jackals (D:1)
3 creatures vanquished.

Notes
Turn   | Place    | Note
-------+----------+-------------------------------------------
     0 | Abyss:1  | reriks the Formicid Abyssal Knight began the quest for the
                  | Orb.
     0 | Abyss:1  | Reached XP level 1. HP: 18/18 MP: 2/2
    96 | Abyss:1  | Noticed a quasit
    96 | Abyss:1  | Noticed a ynoxinul
   110 | D:1      | Escaped the Abyss
   161 | D:1      | Reached skill level 1 in Dodging
   166 | D:1      | Slain by a kobold

Illustrated notes

Levels and vault maps discovered:
D:1:      shiori_arrival_elements, layout_basic, hangedman_decor_points

Skill      XL: |  1 |
---------------+----+-----
Dodging        | 1 |  1.0
Fighting       | |  3.3
Long Blades    | |  2.0
Armour         | |  2.2
Invocations    | |  2.3

Action                   || total
-------------------------++-------
Melee: Falchion          ||    10
Invok: Depart the Abyss  ||     1
Armor: Leather armour    ||     4
Dodge: Dodged            ||     8

Table legend: (Time is in decaauts)
 A = Elapsed time spent in this place.
 B = Non-inter-level travel time spent in this place.
 C = Inter-level travel time spent in this place.
 D = Time resting spent in this place.
 E = Time spent auto-exploring this place.
 F = Levels seen in this place.
 G = Mean time per level.
                   A        B        C        D        E       F      G
               +--------+--------+--------+--------+--------+-----+--------+
         Total |    168 |    168 |      0 |      0 |    133 |   2 |   84.0 |
       Dungeon |     57 |     57 |      0 |      0 |     38 |   1 |   57.0 |
         Abyss |    111 |    111 |      0 |      0 |     95 |   1 |  111.0 |
               +--------+--------+--------+--------+--------+-----+--------+

Top non-repeatable levels by time:
 Abyss:1: 111 daAuts
     D:1: 57 daAuts
